Map: Lightshade LE

Players

MCanning - Winner!

  • Race: Protoss Protoss
  • League: Master

Rhizer

  • Race: Protoss Protoss

VOD

Have the link to the VOD?

Description

Time

  • Played on: July 24, 2021, 6:25 p.m.
  • Length: 8:42
Show
View Real Time Build Order
Export as new Build Order

MCanning Protoss - Winner!

Build Orders: Zealot Archon 

Get SALT Encoding   

  12  0:00  Probe  
  13  0:12  Probe  
  14  0:17  Pylon  
  14  0:24  Probe  
  15  0:36  Gateway, Probe (Chrono Boost)  
  16  0:46  Assimilator, Probe (Chrono Boost)  
  17  0:51  Probe (Chrono Boost)  
  17  0:55  Assimilator  
  18  1:03  Probe (Chrono Boost)  
  19  1:10  Gateway  
  19  1:12  Probe (Chrono Boost)  
  20  1:19  Probe  
  21  1:27  Cybernetics Core  
  21  1:32  Probe  
  22  1:39  Pylon  
  22  1:44  Probe  
  23  1:57  Probe  
  24  2:03  Stalker  
  24  2:04  Sentry  
  24  2:05  Warp Gate (Chrono Boost)  
  28  2:09  Probe  
  29  2:15  Pylon  
  29  2:21  Probe  
  30  2:24  Pylon  
  30  2:33  Stalker  
  32  2:38  Stalker  
  34  2:57  Nexus  
  34  3:19  Shield Battery  
  35  3:21  Shield Battery  
  34  3:28  Pylon  
  34  3:32  Robotics Facility  
  34  3:33  Probe  
  35  3:42  Shield Battery  
  35  3:47  Stalker  
  35  3:48  Stalker  
  39  4:07  Probe  
  40  4:11  Sentry x2  
  40  4:13  Probe (Chrono Boost)  
  45  4:18  Shield Battery  
  47  4:24  Probe (Chrono Boost)  
  47  4:25  Probe (Chrono Boost)  
  47  4:28  Immortal (Chrono Boost)  
  52  4:32  Probe x2 (Chrono Boost)  
  53  4:42  Adept  
  53  4:43  Probe x2  
  57  4:53  Adept  
  57  4:55  Probe (Chrono Boost)  
  57  4:57  Probe (Chrono Boost)  
  57  5:00  Forge  
  57  5:07  Probe (Chrono Boost)  
  57  5:13  Probe (Chrono Boost)  
  58  5:14  Probe (Chrono Boost)  
  58  5:19  Twilight Council, Probe (Chrono Boost)  
  60  5:24  Observer  
  60  5:27  Probe (Chrono Boost)  
  62  5:32  Protoss Ground Weapons Level 1 (Chrono Boost), Pylon  
  62  5:35  Assimilator  
  62  5:42  Pylon  
  62  5:50  Probe x2  
  62  5:51  Observer  
  62  5:53  Nexus  
  62  5:55  Pylon, Blink (Chrono Boost)  
  65  6:02  Probe  
  66  6:08  Probe  
  67  6:15  Gateway  
  67  6:16  Gateway  
  67  6:18  Probe  
  68  6:24  Gateway, Probe  
  69  6:26  Observer  
  69  6:31  Stalker  
  69  6:32  Stalker  
  74  6:36  Probe  
  74  6:39  Probe  
  73  6:48  Probe  
  74  6:56  Gateway  
  74  6:58  Dark Shrine, Pylon  
  74  7:00  Templar Archives  
  72  7:03  Pylon  
  72  7:04  Probe  
  72  7:05  Probe  
  72  7:06  Observer  
  73  7:09  Probe  
  73  7:12  Assimilator  
  74  7:16  Probe  
  74  7:17  Probe  
  74  7:18  Stalker x2  
  74  7:22  Stalker  
  82  7:23  Observer  
  82  7:26  Shield Battery  
  82  7:27  Stalker  
  84  7:34  Photon Cannon  
  84  7:43  Gateway  
  84  7:44  Pylon  
  84  7:51  High Templar x2  
  89  7:56  Archon  
  89  7:57  Photon Cannon  
  89  7:58  Shield Battery  
  88  7:59  Stalker  
  88  8:00  Stalker  
  88  8:04  Shield Battery  
  92  8:08  Stalker  
  94  8:16  Zealot  
  86  8:24  Stalker x4  
  79  8:31  Shield Battery  
Show
View Real Time Build Order
Export as new Build Order

Rhizer Protoss 

Build Orders:  

Get SALT Encoding   

  12  0:00  Probe  
  13  0:12  Probe  
  14  0:17  Pylon  
  14  0:24  Probe (Chrono Boost)  
  15  0:36  Probe (Chrono Boost)  
  15  0:37  Gateway  
  16  0:45  Probe (Chrono Boost)  
  16  0:46  Assimilator  
  17  0:50  Probe  
  17  0:55  Assimilator  
  18  1:03  Probe (Chrono Boost)  
  19  1:09  Gateway  
  19  1:15  Probe (Chrono Boost)  
  20  1:23  Probe (Chrono Boost)  
  21  1:27  Cybernetics Core  
  21  1:29  Probe  
  22  1:37  Pylon  
  22  1:41  Probe  
  23  1:55  Probe  
  24  2:04  Warp Gate (Chrono Boost), Stalker x2  
  24  2:08  Probe  
  29  2:16  Pylon  
  29  2:20  Probe  
  30  2:34  Stalker x2  
  34  2:47  Pylon  
  34  3:04  Stalker x2  
  37  3:24  Nexus  
  37  3:27  Probe  
  38  3:40  Probe  
  39  3:49  Stargate  
  39  3:51  Adept x2  
  39  3:52  Probe (Chrono Boost)  
  44  3:58  Pylon  
  45  4:03  Probe (Chrono Boost)  
  45  4:07  Probe (Chrono Boost)  
  46  4:18  Probe  
  47  4:26  Stargate  
  47  4:30  Probe (Chrono Boost)  
  48  4:36  Void Ray  
  48  4:37  Probe (Chrono Boost)  
  49  4:42  Probe (Chrono Boost)  
  54  4:47  Probe (Chrono Boost)  
  54  4:48  Probe (Chrono Boost)  
  54  4:52  Probe (Chrono Boost)  
  56  4:56  Probe  
  58  5:04  Probe  
  58  5:06  Void Ray  
  55  5:07  Shield Battery x2  
  55  5:13  Probe, Void Ray (Chrono Boost)  
  60  5:20  Probe  
  65  5:24  Assimilator  
  65  5:25  Probe  
  66  5:30  Assimilator, Pylon x2  
  66  5:36  Probe  
  66  5:41  Void Ray (Chrono Boost)  
  66  5:42  Forge  
  67  5:49  Void Ray (Chrono Boost)  
  71  5:51  Probe  
  72  5:59  Probe  
  77  6:04  Adept x2  
  77  6:08  Pylon  
  81  6:14  Twilight Council  
  81  6:15  Photon Cannon  
  81  6:16  Void Ray  
  85  6:27  Pylon  
  85  6:31  Void Ray  
  85  6:37  Pylon  
  89  6:45  Charge (Chrono Boost)  
  83  6:53  Zealot x2  
  84  6:56  Probe  
  82  7:03  Probe  
  82  7:04  Void Ray  
  82  7:08  Probe  
  84  7:14  Zealot x2  
  93  7:18  Void Ray  
  93  7:20  Probe  
  93  7:28  Probe  
  98  7:36  Zealot x2  
  102  7:41  Void Ray  
  102  7:47  Pylon  
  106  7:56  Zealot x2  
  110  7:58  Pylon  
  110  8:01  Pylon  
  108  8:19  Zealot  
Tags
 
Add a new tag
Caveats
  • Supply blocks, unpowered buildings, or Contaminate may cause inaccurate times.
  • Supply counts are checked every 10 seconds.